AoeStats
← ccereal

Arena

510517109Analyzed
3v3 RM · 17h ago on Oct 1, 2026· 37m 23s· 6 players
Game mode
Random Map
Map size
Normal (6 player)
Population
200
Speed
Normal
Resources
Standard
Victory
Conquest
Starting age
Dark Age
Ending age
Imperial Age
RankedLock teamsTeams togetherTeam positionsShared explorationLock speedFull tech treeHidden civsTurbo modeCheats
Victory
Defeat
🇦🇺 Malay · Australia
1523
+16
🇦🇺 Romans · Australia
1486
+18
🇦🇺 Khmer · Australia
1481
+18
🇫🇷 Britons · France
1585
-20
🇫🇷 Gurjaras · France
1521
-17
🇫🇷 Italians · France
1477
-15
doggenoside12
1:03 Loom
10:23 Feudal Age
9:46 Loom
14:07 Castle Age
12:35 Double-Bit Axe
12:31 Horse Collar
15:09 Bow Saw
14:59 Heavy Plow
15:02 Loom
21:46 Wheelbarrow
22:59 Hand Cart
22:30 Town Watch
24:44 Gold Mining
28:13 Imperial Age
26:59 Ballistics
28:14 Heavy Scorpion
28:29 Capped Ram
29:57 Siege Engineers
32:03 Siege Ram
37:49 Chemistry
37:01 Masonry
37:30 Ballistas
37:45 Conscription
Catskin
11:05 Feudal Age
11:30 Double-Bit Axe
15:01 Castle Age
15:07 Bow Saw
16:55 Loom
33:28 Horse Collar
Grillipop
10:48 Feudal Age
10:57 Feudal Age
14:22 Castle Age
12:19 Double-Bit Axe
12:15 Horse Collar
15:22 Bow Saw
15:18 Heavy Plow
20:02 Gold Mining
20:24 Loom
22:03 Gold Shaft Mining
21:21 Stone Mining
22:44 Wheelbarrow
22:31 Town Watch
27:43 Imperial Age
27:45 Scale Barding Armor
27:50 Forging
28:08 Bloodlines
27:58 Husbandry
30:03 Chain Barding Armor
30:19 Iron Casting
30:30 Tusk Swords
31:46 Plate Barding Armor
32:11 Blast Furnace
30:53 Elite Battle Elephant
33:31 Hand Cart
33:51 Crop Rotation
36:30 Blast Furnace
35:53 Conscription
37:54 Town Patrol
38:33 Hoardings
tony le gros rou
11:01 Feudal Age
15:06 Castle Age
16:33 Double-Bit Axe
19:40 Fletching
21:39 Horse Collar
22:55 Bodkin Arrow
24:10 Padded Archer Armor
25:33 Leather Archer Armor
32:24 Imperial Age
30:22 Ballistics
30:08 Gold Mining
ccereal
8:36 Feudal Age
7:49 Loom
9:20 Double-Bit Axe
16:34 Castle Age
15:09 Fletching
16:08 Padded Archer Armor
16:39 Crossbowman
17:53 Bodkin Arrow
23:23 Horse Collar
23:58 Bow Saw
32:11 Imperial Age
30:23 Wheelbarrow
30:12 Gold Mining
31:00 Stone Mining
31:59 Heavy Plow
32:55 Gold Shaft Mining
33:11 Bracer
33:45 Arbalester
34:51 Yeomen
35:30 Leather Archer Armor
36:06 Ballistics
37:19 Chemistry
Flybidi
9:54 Feudal Age
13:35 Castle Age
20:38 Double-Bit Axe
20:33 Horse Collar
26:35 Wheelbarrow
26:11 Bow Saw
28:26 Hand Cart
27:57 Loom
28:13 Heavy Plow
32:53 Imperial Age
31:41 Scale Barding Armor
31:46 Forging
33:51 Chain Barding Armor
33:42 Bloodlines
34:43 Iron Casting
33:39 Heavy Camel Rider
34:07 Elite Shrivamsha Rider
Connection lost

Rejoining the realm…

Still unreachable

The connection could not be restored.

Session expired

The server has moved on; the page needs a fresh start.